 Dungeon Crawl Stone Soup version 0.31.0-9-g3a7656b989 (webtiles) character file.

Game seed: 10226588492433911922

116 qw the Shooter (level 4, 0/22 HPs)
             Began as a Spriggan Hunter on Feb 2, 2024.
             Succumbed to their own poison gas
             ... on level 2 of the Dungeon.
             The game lasted 00:00:04 (1668 turns).

qw the Shooter (Spriggan Hunter)                    Turns: 1668, Time: 00:00:05

Health: 0/22       AC:  2    Str:  7    XL:     4   Next: 70%
Magic:  5/5        EV: 19    Int: 10    God:
Gold:   100        SH:  0    Dex: 20    Spells: 3/3 levels left

rFire   . . .        a - +4 shortbow (flame)
rCold   . . .        (shield currently unavailable)
rNeg    . . .        c - +0 robe
rPois   .            (helmet restricted)
rElec   .            (no cloak)
rCorr   .            (gloves unavailable)
SInv    +            (boots unavailable)
Will    .....        (no amulet)
Stlth   ++           (no ring)
HPRegen 0.23/turn    (no ring)
MPRegen 0.09/turn

%: no passive effects
@: lethally poisoned (0 -> -5), very quick
A: very small, no large weapons, unfitting armour, see invisible, speed 3
a: no special abilities


You were on level 2 of the Dungeon.
You visited 1 branch of the dungeon, and saw 2 of its levels.

You collected 100 gold pieces.


Innate Abilities, Weirdness & Mutations

You are very small and have problems with some larger weapons.
You are too small for most types of armour.
You have supernaturally acute eyesight. (SInv)
You cover ground extremely quickly. (Speed+++)


   Skills:
 - Level 1.5 Fighting
 - Level 5.5 Ranged Weapons
 + Level 4.3 Dodging
 - Level 1.5 Stealth


You had 3 spell levels left.
You didn't know any spells.
Your spell library was empty.

Inventory:

Hand Weapons
 a - a +4 shortbow of flaming (weapon)
Armour
 c - a +0 robe (worn)
Scrolls
 d - a scroll of enchant armour
Potions
 e - a potion of mutation
 g - a potion of heal wounds
 j - a potion of haste {unknown}

Dungeon Overview and Level Annotations

Branches:
Dungeon (2/15)

Altars:

Annotations:
D:2 1 runed translucent door, Crazy Yiuf


Message History

It is a scroll of amnesia.
You feel forgetful for a moment.
Crazy Yiuf yells, "Seed!
Fluff noodlescoop agre."
Could not explore, unopened runed door.
1658 ||| DROPPING potion of attraction.
You drop a potion of attraction.
Could not explore, unopened runed door.
1659 ||| DROPPING 2 scrolls of immolation.
You drop 2 scrolls of immolation.
Could not explore, unopened runed door.
What level of the Dungeon? (default 2, ? - help) Sorry, I don't know how to get there.
Enter note:
Enter note:
Enter note:
Enter note:
Enter note:
Enter note:
Enter note:
Enter note:
Enter note:
Enter note:
Enter note:
Enter note: You are engulfed in poison gas.
You are lethally poisoned!
You feel very sick.
Crazy Yiuf whimpers, "Ghoul disdain bag!"
1662 ||| Stepping ~*~*~tactically~*~*~ (cloud).
You feel very sick.
There is a lethal amount of poison in your body!
You feel very sick.
There is a lethal amount of poison in your body!
You feel very sick.
There is a lethal amount of poison in your body!
You feel sick.
There is a lethal amount of poison in your body!
You feel sick.
There is a lethal amount of poison in your body!
You feel sick.
There is a lethal amount of poison in your body!
You die...

.........##
#....##
#######....##
.........'#
##....#
#............
....%....##
##..##
#######....##
#.......##
#.P.P#
#.......
##.....##
##...#
#.###.##
##...## ##.##
#.....# ##'##
##.# #.#####
#.# #¤##
#.###### #.#
##@# #...>...
##.## #¤##
#.......
##...## #+#
#.######
##.....####
... #.# ####
....%.....#
#...#
#.###...
##......###
#)..#
#.....##
##..##...#
#####
#...)...
#..######
######## #..#
###


There were no monsters in sight!

Vanquished Creatures
  A scorpion (D:2)
  An adder (D:2)
  A dart slug (D:2)
  6 endoplasms
  6 giant cockroaches
  A goblin (D:1)
  3 hobgoblins (D:1)
  5 jackals
  3 quokkas (D:2)
  A ball python (D:1)
  4 bats
  5 frilled lizards
  4 rats
41 creatures vanquished.

Notes
Turn   | Place    | Note
-------+----------+-------------------------------------------
     0 | D:1      | qw the Spriggan Hunter began the quest for the Orb.
     0 | D:1      | Reached XP level 1. HP: 10/10 MP: 2/2
     0 | D:1      | 0 ||| qw: Version: 0.3-a-155-g5e7d8dd
     0 | D:1      | 0 ||| qw: Game counter: 1708
     0 | D:1      | 0 ||| qw: Melee chars always use a shield: true
     0 | D:1      | 0 ||| qw: God list: Okawaru
     0 | D:1      | 0 ||| qw: Allow faded altars: false
     0 | D:1      | 0 ||| qw: Do Orc after clearing Dungeon:15 true
     0 | D:1      | 0 ||| qw: Do second Lair branch before Depths: true
     0 | D:1      | 0 ||| qw: Lair rune preference: random
     0 | D:1      | 0 ||| qw: Goals: Normal
     0 | D:1      | 0 ||| PLANNING D:1-11
    33 | D:1      | Reached skill level 3 in Dodging
   100 | D:1      | Reached XP level 2. HP: 14/14 MP: 3/3
   712 | D:1      | 712 ||| READING 2 scrolls labelled DINECU FYJI.
   712 | D:1      | 712 ||| IDENTIFYING golden potion
   713 | D:1      | 713 ||| READING scroll of identify.
   713 | D:1      | 713 ||| IDENTIFYING puce potion
   714 | D:1      | 714 ||| READING scroll labelled OMALOD GO ICI.
   714 | D:1      | 714 ||| BRANDING +0 shortbow.
   715 | D:1      | 715 ||| READING scroll labelled PIDDIUNOTZ.
   715 | D:1      | 715 ||| ENCHANTING +0 shortbow of flaming.
   716 | D:1      | 716 ||| DROPPING scroll of butterflies.
   844 | D:2      | Reached XP level 3. HP: 18/18 MP: 4/4
  1117 | D:2      | Noticed a scorpion
  1125 | D:2      | Killed a scorpion
  1126 | D:2      | Reached skill level 5 in Ranged Weapons
  1126 | D:2      | Reached XP level 4. HP: 22/22 MP: 5/5
  1465 | D:2      | Found a runed translucent door.
  1466 | D:2      | Noticed Crazy Yiuf
  1649 | D:2      | 1649 ||| READING scroll of identify.
  1649 | D:2      | 1649 ||| IDENTIFYING fizzy coppery potion
  1650 | D:2      | 1650 ||| READING scroll labelled YTZAUL JOTETA.
  1651 | D:2      | 1651 ||| READING 4 scrolls labelled BOCWATUJAO.
  1651 | D:2      | 1651 ||| ENCHANTING +0 shortbow of flaming.
  1652 | D:2      | 1652 ||| READING 3 scrolls of enchant weapon.
  1652 | D:2      | 1652 ||| ENCHANTING +1 shortbow of flaming.
  1653 | D:2      | 1653 ||| READING 2 scrolls of enchant weapon.
  1653 | D:2      | 1653 ||| ENCHANTING +2 shortbow of flaming.
  1654 | D:2      | 1654 ||| READING scroll of enchant weapon.
  1654 | D:2      | 1654 ||| ENCHANTING +3 shortbow of flaming.
  1655 | D:2      | 1655 ||| READING 3 scrolls labelled KUFREO VYPH.
  1656 | D:2      | 1656 ||| READING scroll labelled KETOCS YNOUTE.
  1657 | D:2      | 1657 ||| READING scroll labelled LEDE DUTZO.
  1658 | D:2      | 1658 ||| DROPPING potion of attraction.
  1659 | D:2      | 1659 ||| DROPPING 2 scrolls of immolation.
  1662 | D:2      | 1662 ||| Stepping ~*~*~tactically~*~*~ (cloud).
  1665 | D:2      | HP: 4/22 [poisoned by you (poison gas)]
  1667 | D:2      | HP: 1/22 [poisoned by you (poison gas)]
  1668 | D:2      | Succumbed to their own poison gas

Levels and vault maps discovered:
D:1:      minmay_arrival_up_and_down, layout_loops_ring, serial_forest,
          infiniplex_forest_lined_2, infiniplex_forest_fountain,
          infiniplex_forest_clump_tiny, infiniplex_forest_lined_3_way,
          infiniplex_forest_fountain, infiniplex_forest_lined_corner,
          nicolae_figureground_sparkle
D:2:      layout_loops_corners, uniq_crazy_yiuf_cottage

Skill      XL: |  1  2  3 |
---------------+----------+-----
Dodging        | 3 4 |  4.3
Ranged Weapons | 5 |  5.5
Fighting       | |  1.5
Stealth        | |  1.5

Action                     |  1- 3 |  4- 6 || total
---------------------------+-------+-------++-------
   Fire: Shortbow          |    77 |    17 ||    94
    Use: Scroll            |     4 |     9 ||    13
 Armour: Robe              |     5 |       ||     5
  Dodge: Dodged            |    12 |     1 ||    13

Table legend:
 A = Non-vault XP
 B = Vault XP
 C = Vault XP percentage of total XP
 D = Non-vault monster count
 E = Vault monster count
 F = Vault count percentage of total count
                 A         B        C        D         E       F
            +---------+---------+-------+---------+---------+-------
      Total |     167 |       0 |   0.0 |      41 |       0 |   0.0
            +---------+---------+-------+---------+---------+-------
        D:1 |      34 |       0 |   0.0 |      21 |       0 |   0.0
        D:2 |     133 |       0 |   0.0 |      20 |       0 |   0.0
            +---------+---------+-------+---------+---------+-------
